AoeStats
← ᅚᅚᅚᅚ

Hill Fort

504631131Analyzed
3v3 RM · 25d ago on Sep 6, 2026· 60m 48s· 6 players
Game mode
Random Map
Map size
Normal (6 player)
Population
200
Speed
Normal
Resources
Standard
Victory
Conquest
Starting age
Dark Age
Ending age
Imperial Age
RankedLock teamsTeams togetherTeam positionsShared explorationLock speedFull tech treeHidden civsTurbo modeCheats
Victory
Defeat
🇦🇷 Muisca · Argentina
1403
+11
🇦🇷 Khmer · Argentina
1352
+13
🇦🇷 Goths · Argentina
1072
+24
🇨🇱 Vikings · Chile
1290
-17
🇨🇱 Poles · Chile
1267
-16
🇨🇷 Tatars · Costa Rica
1251
-15
Legobelin
8:37 Loom
11:01 Feudal Age
14:56 Castle Age
14:39 Double-Bit Axe
14:44 Horse Collar
15:30 Gold Mining
16:13 Bow Saw
16:58 Bloodlines
23:18 Husbandry
29:48 Scale Barding Armor
30:38 Wheelbarrow
31:56 Fletching
33:03 Forging
33:52 Chain Barding Armor
33:53 Town Watch
33:54 Light Cavalry
35:12 Iron Casting
38:00 Imperial Age
35:52 Heavy Plow
35:43 Stone Mining
37:31 Bodkin Arrow
38:05 Cavalier
39:21 Plate Barding Armor
40:17 Blast Furnace
41:04 Gold Shaft Mining
41:07 Stone Shaft Mining
42:36 Hand Cart
44:19 Conscription
44:16 Town Patrol
45:09 Crop Rotation
48:26 Hussar
54:12 Bracer
54:37 Ballistics
54:13 Murder Holes
54:24 Siege Engineers
61:37 Coinage
Carlos de Anillaco
6:26 Loom
11:38 Feudal Age
12:02 Horse Collar
12:09 Double-Bit Axe
17:10 Stone Mining
19:40 Castle Age
21:01 Stone Shaft Mining
21:14 Bow Saw
22:04 Scale Mail Armor
22:16 Forging
26:41 Heavy Plow
30:37 Anarchy
31:07 Pikeman
31:47 Squires
32:30 Iron Casting
32:11 Chain Mail Armor
37:18 Imperial Age
35:29 Wheelbarrow
35:55 Gold Mining
36:30 Hand Cart
38:22 Conscription
39:29 Blast Furnace
39:40 Two-Man Saw
39:41 Elite Huskarl
43:37 Crop Rotation
44:10 Perfusion
49:32 Halberdier
Possi
8:27 Loom
10:50 Feudal Age
16:51 Castle Age
15:41 Double-Bit Axe
15:39 Horse Collar
17:03 Gold Mining
17:14 Crossbowman
18:14 Fletching
19:19 Bodkin Arrow
25:46 Bow Saw
27:37 Padded Archer Armor
29:47 Leather Archer Armor
34:37 Imperial Age
33:32 Ballistics
33:53 Wheelbarrow
34:58 Hand Cart
34:51 Thumb Ring
34:43 Arbalester
35:26 Bracer
36:28 Chemistry
35:53 Town Watch
35:39 Capped Ram
38:00 Arbalester
40:03 Gold Shaft Mining
39:22 Stone Mining
41:13 Heavy Plow
45:32 Conscription
45:18 Herbalism
46:32 Coinage
46:39 Siege Engineers
54:42 Banking
55:25 Hoardings
Pelantaro
4:47 Loom
10:43 Feudal Age
11:08 Horse Collar
12:57 Double-Bit Axe
19:52 Castle Age
19:21 Stone Mining
20:48 Fletching
25:28 Forging
25:55 Scale Barding Armor
27:20 Bloodlines
28:26 Heavy Plow
29:00 Bow Saw
32:25 Wheelbarrow
34:42 Szlachta Privileges
36:06 Husbandry
36:51 Chain Barding Armor
42:00 Imperial Age
40:57 Iron Casting
40:14 Gold Mining
42:13 Cavalier
45:42 Hand Cart
47:24 Town Watch
49:36 Blast Furnace
50:13 Scale Mail Armor
49:48 Light Cavalry
57:47 Masonry
ᅚᅚᅚᅚ
5:02 Loom
12:12 Feudal Age
16:54 Castle Age
15:29 Double-Bit Axe
15:55 Horse Collar
17:18 Gold Mining
17:47 Town Watch
18:38 Bow Saw
20:44 Fletching
22:07 Pikeman
23:46 Crossbowman
25:37 Bodkin Arrow
25:42 Padded Archer Armor
29:28 Gold Shaft Mining
32:40 Ballistics
38:52 Imperial Age
37:47 Chieftains
37:53 Scale Mail Armor
38:04 Forging
40:33 Bracer
40:49 Leather Archer Armor
41:52 Conscription
42:53 Heavy Plow
43:39 Ring Archer Armor
45:17 Bogsveigar
47:29 Arbalester
54:23 Chain Mail Armor
54:44 Iron Casting
56:26 Chemistry
✮PRINCE✮
7:05 Loom
9:27 Feudal Age
10:33 Double-Bit Axe
13:19 Horse Collar
15:12 Town Watch
19:04 Castle Age
17:11 Stone Mining
20:02 Husbandry
21:06 Wheelbarrow
21:28 Heavy Plow
25:06 Bloodlines
30:08 Bow Saw
30:42 Scale Barding Armor
32:03 Silk Armor
33:43 Forging
33:54 Chain Barding Armor
33:58 Hand Cart
36:56 Iron Casting
36:12 Light Cavalry
37:12 Devotion
38:51 Treadmill Crane
39:26 Masonry
43:49 Imperial Age
44:15 Hussar
46:06 Conscription
46:52 Blast Furnace
46:28 Plate Barding Armor
45:56 Heavy Camel Rider
Connection lost

Rejoining the realm…

Still unreachable

The connection could not be restored.

Session expired

The server has moved on; the page needs a fresh start.